 Dungeon Crawl Stone Soup version 0.31-a0-810-ga77100ea1a (webtiles) character file.

Game seed: 8377784030272661811

9941 Newt the Slicer (level 11, -8/84 HPs)
             Began as a Merfolk Gladiator on Sept 21, 2023.
             Was a High Priest of Okawaru.
             Mangled by an eight-headed hydra (10 damage)
             ... on level 12 of the Dungeon.
             The game lasted 00:13:37 (8990 turns).

Newt the Slicer (Merfolk Gladiator)                 Turns: 8990, Time: 00:13:38

Health: -8/84      AC:  4    Str: 16    XL:     11   Next: 54%
Magic:  0/21       EV: 16    Int: 14    God:    Okawaru [*****.]
Gold:   658        SH:  0    Dex: 21    Spells: 20/24 levels left

rFire   . . .        p - +7 dagger of Causality {flame, *Corrode rC+ Int+3 Dex+6}
rCold   + . .        (no shield)
rNeg    . . .        w - +3 troll leather armour
rPois   .            c - +1 helmet
rElec   .            (no cloak)
rCorr   .            (no gloves)
SInv    +            (no boots)
Will    .....        y - amulet of guardian spirit
Stlth   ++           B - ring of see invisible
HPRegen 1.14/turn    (no ring)
MPRegen 0.17/turn

%: corrode self (3%), guardian spirit
@: weak-willed, corroded, jinxed, studying Spellcasting
A: (nimble swimmer 2), mertail
a: Renounce Religion, Heroism, Finesse, Duel


You were on level 12 of the Dungeon.
You worshipped Okawaru.
Okawaru was extremely pleased with you.
You visited 2 branches of the dungeon, and saw 13 of its levels.
You also visited: Sewer.

You collected 658 gold pieces.

Inventory:

Hand Weapons
 a - a +0 spectral trident
 p - the +7 dagger of Causality (weapon) {flame, *Corrode rC+ Int+3 Dex+6}
   (You found it on level 2 of the Dungeon)

   Int+3:     It affects your intelligence (+3).
   Dex+6:     It affects your dexterity (+6).
   rC+:       It protects you from cold.
   *Corrode:  It may corrode you when you take damage.
Missiles
 d - a throwing net
 e - a javelin
 m - 2 atropa-tipped darts
 H - a boomerang
Armour
 b - a +0 leather armour
 c - a +1 helmet (worn)
 w - a +3 troll leather armour (worn)
Jewellery
 y - an amulet of guardian spirit (around neck)
 B - a ring of see invisible (left hand)
Wands
 x - a wand of roots (15)
Scrolls
 f - a scroll of brand weapon
 g - 3 scrolls of enchant armour
 h - 2 scrolls of vulnerability
 q - 3 scrolls of poison
 s - a scroll of fog
 t - 2 scrolls of noise {unknown}
 v - 11 scrolls of teleportation
 A - a scroll of amnesia
 C - a scroll of enchant weapon {unknown}
 E - a scroll of immolation {unknown}
 F - a scroll of silence {unknown}
 J - a scroll of identify
Potions
 i - a potion of ambrosia
 j - a potion of haste
 k - a potion of enlightenment
 l - 3 potions of lignification
 n - 2 potions of attraction
 o - 2 potions of resistance
 r - 2 potions of curing
 u - a potion of mutation
 z - a potion of might
 D - a potion of degeneration


   Skills:
 - Level 7.0 Fighting
 + Level 11.1 Short Blades
 - Level 4.0 Polearms
 - Level 2.0 Throwing
 - Level 7.0 Dodging
 - Level 7.1 Spellcasting
 - Level 6.1 Hexes
 - Level 9.0 Invocations
 - Level 6.0 Evocations


You had 20 spell levels left.
You knew the following spells:

 Your Spells              Type           Power      Damage    Failure   Level
a - Jinxbite              Hex            44%        N/A       1%          2
b - Ensorcelled Hibernat  Hex/Ice        26%        N/A       8%          2

Your spell library contained the following spells:

 Spells                   Type           Power      Damage    Failure   Level
 Necrotise                Necr           20%        1d5       17%         1
 Sandblast                Erth           10%        2d5       17%         1
 Lesser Beckoning         Tloc           10%        N/A       26%         2
 Passwall                 Tmut/Erth      4%         N/A       26%         2
 Anguish                  Hex/Necr       6%         N/A       43%         4
 Gell's Gravitas          Tloc           5%         N/A       45%         3
 Stone Arrow              Conj/Erth      10%        3d7       45%         3
 Teleport Other           Tloc           5%         N/A       45%         3
 Vampiric Draining        Necr           5%         2d6       45%         3
 Yara's Violent Unravell  Hex/Tmut       6%         3d5       80%         5
 Brom's Barrelling Bould  Conj/Erth      5%         2d3       86%         4
 Passage of Golubria      Tloc           5%         N/A       86%         4
 Agony                    Necr           5%         N/A       99%         5
 Iskenderun's Battlesphe  Conj           5%         2d6       99%         5
 Leda's Unmaking          Conj/Erth      2%         9d1       100%        6
 Tukima's Dance           Hex            Unusable   N/A       N/A         3
 Spellforged Servitor     Conj/Summ      Unusable   N/A       N/A         7

Dungeon Overview and Level Annotations

Branches:
Dungeon (12/15)            Temple (1/1) D:5            Lair (0/5) D:11
  Sewer (visited)
    Orc: D:9-12

Altars:
Ashenzari
Cheibriados
Dithmenos
Elyvilon
Fedhas
Gozag
Hepliaklqana
Kikubaaqudgha
Makhleb
Nemelex Xobeh
Okawaru
Qazlal
Ru
Sif Muna
Trog
Uskayaw
Vehumet
Wu Jian
Xom
Yredelemnul
Zin
The Shining One

Annotations:
D:11 1 runed translucent door, Lodul


Innate Abilities, Weirdness & Mutations

((You are very nimble when in or above water. (Stealth+, EV+, Speed+++)))
Your lower body shifts to a powerful aquatic tail in water.


Message History

The eight-headed hydra bites you.
The eight-headed hydra completely misses you.
You climb downwards.
There is a stone staircase leading up here.
You are too injured to fight recklessly!
Unknown command.
Casting: Jinxbite (safe; 1% risk of failure)
Confirm with . or Enter, or press ? or * to list all spells.
You beckon some vexing sprites to accompany your attacks.
You feel your willpower being sapped.
The eight-headed hydra barely misses you.
The eight-headed hydra closely misses you.
The eight-headed hydra completely misses you.
The eight-headed hydra bites you.
The eight-headed hydra bites you but does no damage.
The eight-headed hydra misses you. The eight-headed hydra bites you!
* * * LOW HITPOINT WARNING * * *
The eight-headed hydra closely misses you.
You barely miss the eight-headed hydra.
Unknown command.
You hit the eight-headed hydra. You burn the eight-headed hydra.
The eight-headed hydra is lightly wounded.
The eight-headed hydra bites you.
* * * LOW HITPOINT WARNING * * *
The eight-headed hydra closely misses you.
The eight-headed hydra misses you.
The eight-headed hydra bites you but does no damage.
The eight-headed hydra completely misses you.
The eight-headed hydra bites you!
* * * LOW HITPOINT WARNING * * *
The eight-headed hydra bites you!
* * * LOW HITPOINT WARNING * * *
The eight-headed hydra misses you.
Unknown command.
Okay, then.
Okay, then.
You feel better. The eight-headed hydra bites you.
* * * LOW HITPOINT WARNING * * *
The eight-headed hydra bites you!
You die...

#######
#.....#
#.....#
#.....#
#.....#
#...@D#
###.###
#. #.
.. ##


You could see an eight-headed hydra.

Vanquished Creatures
  A hydra (D:11)
  A two-headed ogre (D:11)
  An ugly thing (D:10)
  A manticore (D:11)
  A cyclops (D:10)
  2 unseen horrors
  A kobold demonologist (D:11)
  2 trolls (D:9)
  A hornet (D:11)
  2 wyverns
  12 yaks
  2 vampire mosquitoes (D:11)
  4 water moccasins
  Pargi (Sewer)
  4 black bears
  An orc warrior (D:8)
  An ice beast (D:8)
  2 sky beasts
  An ogre (D:4)
  3 centaurs
  A phantom (D:6)
  5 kobold brigands
  4 bullfrogs
  A scorpion (D:6)
  3 wights (D:8)
  9 killer bees
  3 electric eels
  2 howler monkeys
  5 hounds
  3 orc priests
  Jessica (D:2)
  A gnoll bouda (D:6)
  7 iguanas
  7 orc wizards
  9 gnolls
  3 adders
  A white imp (D:5)
  An ufetubus (D:5)
  4 worms
  6 dart slugs
  25 orcs
  6 ball pythons
  9 endoplasms
  6 giant cockroaches
  5 hobgoblins
  4 jackals
  16 kobolds
  5 quokkas
  5 bats
  A frilled lizard (D:2)
  6 goblins
  10 rats
218 creatures vanquished.

Vanquished Creatures (others)
  A human (D:7)
1 creature vanquished.

Grand Total: 219 creatures vanquished

Notes
Turn   | Place    | Note
-------+----------+-------------------------------------------
     0 | D:1      | Newt the Merfolk Gladiator began the quest for the Orb.
     0 | D:1      | Reached XP level 1. HP: 16/16 MP: 1/1
   168 | D:1      | Reached XP level 2. HP: 20/24 MP: 2/2
   612 | D:1      | Reached XP level 3. HP: 18/30 MP: 3/3
   765 | D:2      | Identified a scroll of acquirement
   765 | D:2      | Acquired a manual of Spellcasting
   943 | D:2      | Identified the +7 dagger of Causality {flame, *Corrode rC+
                  | Int+3 Dex+6}
   995 | D:2      | Found a shimmering altar of Xom.
  1131 | D:2      | Noticed Jessica
  1135 | D:2      | Killed Jessica
  1136 | D:2      | Reached skill level 2 in Short Blades
  1136 | D:2      | Reached XP level 4. HP: 37/37 MP: 4/4
  1349 | D:2      | Reached skill level 3 in Short Blades
  1805 | D:3      | Reached skill level 4 in Short Blades
  1805 | D:3      | Reached XP level 5. HP: 38/42 MP: 5/5
  2034 | D:3      | Found a faded altar of an unknown god.
  2486 | D:4      | Reached skill level 5 in Short Blades
  2568 | D:4      | Noticed a water moccasin
  2580 | D:4      | Killed a water moccasin
  2581 | D:4      | Reached skill level 5 in Dodging
  2581 | D:4      | Reached XP level 6. HP: 23/48 MP: 6/6
  2789 | D:4      | Noticed a black bear
  2796 | D:4      | Killed a black bear
  2797 | D:4      | Reached XP level 7. HP: 43/54 MP: 6/10
  3075 | D:4      | Identified the +3 spear "Aryuvun" {elec, rPois Dex+4}
  3480 | D:5      | Entered Level 5 of the Dungeon
  3491 | D:5      | Reached skill level 5 in Spellcasting
  3511 | D:5      | Found a staircase to the Ecumenical Temple.
  3518 | Temple   | Entered the Ecumenical Temple
  3536 | Temple   | Became a worshipper of Warmaster Okawaru
  3619 | D:5      | Found a glowing drain.
  3635 | Sewer    | Entered a sewer
  3718 | Sewer    | Noticed Pargi
  3720 | Sewer    | Killed Pargi
  3721 | Sewer    | Reached XP level 8. HP: 60/60 MP: 16/18
  3778 | D:5      | Found a basalt altar of Yredelemnul.
  3907 | D:5      | Found a white marble altar of Elyvilon.
  3918 | D:5      | Learned a level 2 spell: Jinxbite
  4155 | D:5      | Reached skill level 1 in Hexes
  4604 | D:6      | Reached * piety under Okawaru
  4692 | D:6      | Reached skill level 5 in Hexes
  5229 | D:7      | Learned a level 2 spell: Ensorcelled Hibernation
  5251 | D:7      | Found an ancient bone altar of Kikubaaqudgha.
  5267 | D:7      | Noticed a wyvern
  5281 | D:7      | Killed a wyvern
  5282 | D:7      | Reached skill level 6 in Short Blades
  5282 | D:7      | Reached XP level 9. HP: 53/65 MP: 17/19
  5331 | D:7      | Reached ** piety under Okawaru
  5415 | D:7      | Reached skill level 7 in Short Blades
  5519 | D:7      | Found a shimmering blue altar of Sif Muna.
  5557 | D:7      | Reached skill level 8 in Short Blades
  5584 | D:7      | Found a stormy altar of Qazlal.
  5627 | D:8      | Found a glowing golden altar of the Shining One.
  5772 | D:8      | Reached skill level 5 in Fighting
  5841 | D:8      | Reached *** piety under Okawaru
  5893 | D:8      | Reached skill level 1 in Evocations
  6107 | D:8      | Reached XP level 10. HP: 79/79 MP: 20/20
  6380 | D:9      | Reached skill level 5 in Evocations
  6491 | D:9      | Reached **** piety under Okawaru
  6513 | D:9      | Reached skill level 1 in Invocations
  6840 | D:9      | Reached skill level 5 in Invocations
  6992 | D:9      | Reached ***** piety under Okawaru
  7425 | D:10     | Entered Level 10 of the Dungeon
  7440 | D:10     | Found a sparkling altar of Nemelex Xobeh.
  7517 | D:10     | Noticed a cyclops
  7527 | D:10     | Killed a cyclops
  7527 | D:10     | Received a gift from Okawaru
  7573 | D:10     | Reached XP level 11. HP: 76/84 MP: 16/21
  7739 | D:10     | Noticed a white ugly thing
  7758 | D:10     | Killed a white ugly thing
  8228 | D:11     | Found a runed translucent door.
  8260 | D:11     | Reached skill level 9 in Short Blades
  8262 | D:11     | Paralysed by a hornet for 1 turns
  8271 | D:11     | Noticed a five-headed hydra
  8271 | D:11     | Noticed a manticore
  8283 | D:11     | Killed a five-headed hydra
  8288 | D:11     | Killed a manticore
  8289 | D:11     | Reached skill level 10 in Short Blades
  8590 | D:11     | Noticed a two-headed ogre
  8608 | D:11     | Killed a two-headed ogre
  8625 | D:11     | Reached skill level 11 in Short Blades
  8669 | D:11     | Noticed a boulder beetle
  8728 | D:11     | Noticed Lodul
  8971 | D:11     | Noticed an eight-headed hydra
  8972 | D:11     | Found a staircase to the Lair.
  8989 | D:12     | HP: 1/84 [eight-headed hydra (11)]
  8990 | D:12     | Mangled by an eight-headed hydra

Illustrated notes

Levels and vault maps discovered:
D:1:      dpeg_arrival_brainrot, layout_loops_ring
D:2:      layout_loops_cross, basic_altar, nrook_mini_backslash, uniq_jessica
D:3:      minmay_angry_zag, layout_loops_ring,
          dreamdust_ecumenical_altar_statues, minivault_24
D:4:      minmay_chambers_of_threes, layout_loops_ring
D:5:      layout_basic, kennysheep_ying_yang, temple_green, portal_sewer_entry_f
D:6:      layout_gridville, serial_rivers, chequers_serial_rivers_large_a,
          chequers_serial_rivers_micro_d, chequers_serial_rivers_room_b,
          chequers_serial_rivers_small_b, chequers_serial_rivers_small_b
D:7:      layout_rooms, tgw_kikubaaqudgha, nicolae_overflow_hidden_temple,
          mainiacjoe_overflow_six_doors_small
D:8:      layout_rooms, lemuel_tele_altar, water_maze_lemuel
D:9:      layout_stronghold, serial_column_ruins, column_ruins_hut,
          column_ruins_hut, column_ruins_open_tiny,
          column_ruins_open_medium_water, column_ruins_open_tiny,
          column_ruins_open_small, column_ruins_corridor_straight,
          minmay_between
D:10:     layout_rooms, nemelex_xobeh_ov_fountains_minmay, glass_columns_a,
          kennysheep_small_spiral
D:11:     nzn_winding_woodlands_small [nzn_winding_woodlands_5x15_sidewinder,
          nzn_winding_woodlands_center_diamonds,
          nzn_winding_woodlands_5x15_longhouse], layout_basic,
          minmay_lair_entry_grove, nicolae_danse_macabre, uniq_lodul
D:12:     layout_loops_cross, orc_0_dummy, st_stairs_6
Temple:   hellmonk_temple_of_storms

Skill      XL: |  1  2  3  4  5  6  7  8  9 10 11 |
---------------+----------------------------------+-----
Fighting       | 3 4 7 |  7.0
Short Blades   | 2 4 5 6 8 11 | 11.1
Dodging        | 5 7 |  7.0
Spellcasting   | 2 6 7 |  7.1
Hexes          | 6 |  6.1
Evocations     | 3 6 |  6.0
Invocations    | 8 9 |  9.0
Polearms       | |  4.0
Throwing       | |  2.0

Action                     |  1- 3 |  4- 6 |  7- 9 | 10-12 || total
---------------------------+-------+-------+-------+-------++-------
  Melee: Trident           |    67 |       |       |       ||    67
         Punch             |     2 |     1 |     2 |    10 ||    15
         Dagger            |     7 |   102 |   310 |   361 ||   780
         Tailslap          |       |       |     3 |       ||     3
  Throw: Throwing net      |       |     1 |       |     1 ||     2
   Cast: Jinxbite          |       |       |     4 |     8 ||    12
  Evoke: Wand              |       |       |       |     7 ||     7
    Use: Scroll            |     5 |     4 |     7 |     9 ||    25
         Potion            |       |       |       |     5 ||     5
   Stab: Sleeping          |     3 |       |    10 |     1 ||    14
         Held in net/web   |       |     1 |       |       ||     1
         Distracted        |       |     1 |     1 |       ||     2
 Armour: Leather armour    |    21 |    51 |     6 |       ||    78
         Troll leather arm |       |       |   113 |   196 ||   309
  Dodge: Dodged            |    48 |    79 |   222 |   245 ||   594

Table legend: (Time is in decaauts)
 A = Elapsed time spent in this place.
 B = Non-inter-level travel time spent in this place.
 C = Inter-level travel time spent in this place.
 D = Time resting spent in this place.
 E = Time spent auto-exploring this place.
 F = Levels seen in this place.
 G = Mean time per level.
                   A        B        C        D        E       F      G
               +--------+--------+--------+--------+--------+-----+--------+
         Total |   8640 |   8412 |    228 |   1191 |   5796 |  14 |  617.1 |
       Dungeon |   8494 |   8301 |    193 |   1191 |   5712 |  12 |  707.8 |
        Temple |     36 |      1 |     35 |      0 |      0 |   1 |   36.0 |
         Sewer |    108 |    108 |      0 |      0 |     83 |   1 |  108.0 |
               +--------+--------+--------+--------+--------+-----+--------+

Top non-repeatable levels by time:
     D:4: 1010 daAuts
     D:9: 988 daAuts
     D:2: 848 daAuts
     D:6: 841 daAuts
     D:3: 834 daAuts
    D:11: 806 daAuts
     D:1: 763 daAuts
     D:5: 683 daAuts
    D:10: 677 daAuts
     D:8: 648 daAuts
     D:7: 390 daAuts
   Sewer: 108 daAuts
  Temple: 36 daAuts
    D:12: 2 daAuts
